 Dungeon Crawl Stone Soup version 0.32-a0-360-gcd93b57 (webtiles) character file.

Game seed: 5661713409865448684

3014 livid the Carver (level 9, -14/69 (74) HPs)
             Began as a Coglin Gladiator on Feb 18, 2024.
             Was a Priest of Beogh.
             Killed from afar by Spirok the orc apostle (20 damage)
             ... with a zap
             ... on level 8 of the Dungeon.
             The game lasted 00:15:01 (5316 turns).

livid the Carver (Coglin Gladiator)                 Turns: 5316, Time: 00:15:03

HP:   -14/69 (74)   AC:  9    Str: 16    XL:     9   Next: 85%
MP:   13/13         EV: 10    Int:  9    God:    Beogh [***...]
Gold: 342           SH:  0    Dex: 17    Spells: 8/8 levels left

rFire   + . .        B - +2 falchion (freeze) {Cihuaton}
rCold   + + .        l - +3 scimitar (flame) {Marduk-asir}
rNeg    . . .        m - +2 scale mail {rC+}
rPois   .            y - +0 helmet
rElec   .            p - scarf {rC+ rF+}
rCorr   +            (no gloves)
SInv    .            (no boots)
Will    .....        h - amulet of magic regeneration Stlth
                     j - ring of resist corrosion
HPRegen 0.31/turn    (no ring)
MPRegen 0.53/turn

%: no passive effects
@: drained, revved, stiff-legged, very slow
A: off-hand wielding, slow wielding, warmup strikes, warmup strides
a: Renounce Religion, Smiting, Recall Apostles, Dismiss Margrim, wizard


You were on level 8 of the Dungeon.
You worshipped Beogh.
Beogh was most pleased with you.
You visited 1 branch of the dungeon, and saw 8 of its levels.

You collected 342 gold pieces.

Inventory:

Hand Weapons
 l - a +3 scimitar of flaming (worn) {Marduk-asir}
 B - a +2 falchion of freezing (weapon) {Cihuaton}
Missiles
 d - 2 throwing nets (quivered)
 e - a javelin
Armour
 m - a +2 scale mail of cold resistance (worn)
 p - a scarf of resistance (worn)
 y - a +0 helmet (worn)
Jewellery
 h - an amulet of magic regeneration (around neck)
 j - a ring of resist corrosion (left grasper)
Wands
 u - a wand of mindburst (19)
Scrolls
 a - a scroll of noise {unknown}
 b - 3 scrolls of amnesia {unknown}
 c - a scroll of fear {unknown}
 f - a scroll of blinking {unknown}
 i - a scroll of vulnerability {unknown}
 o - a scroll of enchant weapon {unknown}
 s - a scroll of enchant armour {unknown}
 t - 3 scrolls of teleportation {unknown}
Potions
 g - a potion of cancellation {unknown}
 k - 4 potions of attraction
 n - a potion of brilliance {unknown}
 q - a potion of magic
 r - a potion of ambrosia
 v - a potion of degeneration {unknown}
 w - a potion of enlightenment {unknown}
 x - a potion of mutation {unknown}
 z - a potion of curing {unknown}


   Skills:
 + Level 8.3 Fighting
 + Level 8.5 Long Blades
 - Level 1.7 Throwing
 - Level 2.6 Dodging
 + Level 5.9 Invocations


You had 8 spell levels left.
You didn't know any spells.
Your spell library was empty.

Dungeon Overview and Level Annotations

Branches:
Dungeon (8/15)             Temple (0/1) D:7
   Lair: D:8-11

Altars:
Fedhas
Kikubaaqudgha
Ru
Trog
Beogh

Shops:
D:8 [

Annotations:
D:4 exclusion: oklob plant
D:5 1 runed translucent door, Crazy Yiuf


Innate Abilities, Weirdness & Mutations

Your facial features look somewhat orcish.
You can wield a second weapon in your off-hand.
It takes a long time for you to wield or remove held weapons.
Your first few attacks do less damage.
Your first movements take longer.


Message History

You feel drained.
You completely miss Spirok with your +3 scimitar of flaming.
Spirok is lightly wounded.
You slash Spirok with your +2 falchion of freezing!
You freeze Spirok.
Spirok gestures wildly while chanting.
Spirok conjures some foxfire! 2 foxfires come into view.
You hit Spirok with your +2 falchion of freezing.
You freeze Spirok.
Spirok is heavily wounded.
You hit Spirok with your +3 scimitar of flaming.
You burn Spirok. The foxfire hits you. You resist. The foxfire hits you!
You resist. Spirok gestures at you while chanting. The zap hits you!!
* * * LOW HITPOINT WARNING * * *
You are too injured to fight recklessly!
You are too injured to fight recklessly!
Unknown command.
You miss Spirok with your +2 falchion of freezing.
Spirok is severely wounded.
You hit Spirok but do no damage.
Spirok mumbles some strange words.
Spirok conjures some foxfire! 2 foxfires come into view.
You closely miss Spirok with your +3 scimitar of flaming.
Spirok is heavily wounded.
You hit Spirok but do no damage. The foxfire hits you. You resist.
* * * LOW HITPOINT WARNING * * *
The foxfire hits you. You resist.
* * * LOW HITPOINT WARNING * * *
You barely miss Spirok with your +2 falchion of freezing.
Spirok is heavily wounded.
You hit Spirok with your +3 scimitar of flaming.
You burn Spirok.
Spirok points at you and mumbles some strange words.
The zap hits you!!
You die...
Beogh appreciates Spirok's killing of a heretic priest.

######## ###########
#......# ####.......>∩.
#<# #..... ...#..#
####.####.##.##....!..
##.#...).......§.........
...............o@....#
##.#.#..####.#§#####.#
#.#.#.........#
#.......###.#.# #####.#†#
#.#.# #.#)###.#.#
#.#.......# #.#..##.###
##.#..##.#


You could see Spirok the orc apostle (divinely empowered).

Vanquished Creatures
  Erica (D:8)
  Joseph (D:7)
  A wyvern (D:6)
  A steam dragon (D:7)
  2 water moccasins (D:7)
  A black bear (D:7)
  An ice beast (D:6)
  An ogre (D:7)
  2 centaurs
  A phantom (D:4)
  3 bullfrogs
  4 wights (D:7)
  3 killer bees (D:7)
  2 howler monkeys
  A bombardier beetle (D:4)
  3 jellies
  An orc priest (D:6)
  2 hounds
  A sleepcap (D:5)
  4 iguanas
  Terence (D:2)
  2 adders (D:3)
  A shadow imp (D:5)
  4 dart slugs
  A ribbon worm (D:4)
  7 orcs
  10 ball pythons
  10 bats
  5 endoplasms
  A giant cockroach (D:1)
  6 goblins
  6 hobgoblins
  11 jackals
  2 quokkas (D:3)
  3 frilled lizards
  3 kobolds
  6 rats
115 creatures vanquished.

Vanquished Creatures (others)
  An orc apostle (D:7)
  A human (D:3)
  2 orcs (D:6)
  15 foxfires
19 creatures vanquished.

Grand Total: 134 creatures vanquished

Notes
Turn   | Place    | Note
-------+----------+-------------------------------------------
     0 | D:1      | livid the Coglin Gladiator began the quest for the Orb.
     0 | D:1      | Reached XP level 1. HP: 16/16 MP: 1/1
    37 | D:1      | Reached XP level 2. HP: 22/23 MP: 2/2
   115 | D:1      | Found a faded altar of an unknown god.
   135 | D:1      | Reached XP level 3. HP: 23/28 MP: 3/3
   165 | D:1      | Prayed at the altar of an unknown god.
   165 | D:1      | Became a worshipper of Beogh the Shepherd
   165 | D:1      | Reached * piety under Beogh
   719 | D:2      | Reached XP level 4. HP: 35/35 MP: 4/4
   724 | D:2      | Noticed Terence
   734 | D:2      | Killed Terence
  1297 | D:3      | Reached ** piety under Beogh
  1318 | D:3      | Reached XP level 5. HP: 42/42 MP: 5/5
  1948 | D:3      | Found an ancient bone altar of Kikubaaqudgha.
  1949 | D:3      | Noticed a human
  1951 | D:3      | Killed a human
  2244 | D:4      | Reached skill level 1 in Invocations
  2358 | D:4      | Reached XP level 6. HP: 43/48 MP: 5/7
  2437 | D:4      | Reached skill level 5 in Long Blades
  2561 | D:4      | Found a blossoming altar of Fedhas.
  2572 | D:4      | Noticed an oklob plant
  2760 | D:5      | Entered Level 5 of the Dungeon
  2863 | D:5      | Reached XP level 7. HP: 31/54 MP: 8/8
  2987 | D:5      | Found a sacrificial altar of Ru.
  3134 | D:5      | Reached skill level 5 in Fighting
  3352 | D:5      | Found a runed translucent door.
  3353 | D:5      | Noticed Crazy Yiuf
  3407 | D:6      | Noticed a wyvern
  3418 | D:6      | Killed a wyvern
  3546 | D:6      | Reached XP level 8. HP: 62/64 MP: 10/10
  4037 | D:7      | Reached *** piety under Beogh
  4040 | D:7      | HP: 2/59 [wight/+4 war axe (6)]
  4067 | D:7      | Identified the +0 robe of Youthful Indiscretion {rN+ Dex+3
                  | Stlth+}
  4067 | D:7      | Noticed Margrim
  4083 | D:7      | Anointed Margrim the wizard as your apostle
  4351 | D:7      | Found a staircase to the Ecumenical Temple.
  4449 | D:7      | Reached XP level 9. HP: 63/72 MP: 12/12
  4527 | D:7      | Noticed Joseph
  4537 | D:7      | Your ally Margrim died
  4556 | D:7      | Killed Joseph
  4557 | D:7      | Reached skill level 5 in Invocations
  4897 | D:7      | Found a bloodstained altar of Trog.
  5044 | D:8      | Noticed Erica
  5059 | D:8      | Killed Erica
  5298 | D:8      | Identified the +5 robe "Vakepp Fant" {rPois MP+9 Str+2}
  5298 | D:8      | Noticed Spirok
  5303 | D:8      | Found Icahuyv's Armour Shop.
  5316 | D:8      | Killed from afar by Spirok the orc apostle

Illustrated notes

Levels and vault maps discovered:
D:1:      dpeg_arrival_stone_temple_mockup, layout_rooms,
          ebering_ecumenical_altar_webs, hex_medium
D:2:      layout_basic, uniq_terence
D:3:      layout_basic, tgw_kikubaaqudgha, serial_rivers,
          chequers_serial_rivers_large_a, chequers_serial_rivers_small_a,
          chequers_serial_rivers_room_a, chequers_serial_rivers_large_b,
          chequers_serial_rivers_small_a, hangedman_decor_clover_reticule
D:4:      layout_basic, tgw_fedhas, chequers_serial_rivers_micro_c
D:5:      layout_basic, mainiacjoe_overflow_alcove_2, uniq_crazy_yiuf_cottage
D:6:      layout_cave_pools, serial_rivers, chequers_serial_rivers_marsh,
          chequers_serial_rivers_micro_e, chequers_serial_rivers_micro_e,
          chequers_serial_rivers_small_3, chequers_serial_rivers_small_a,
          chequers_serial_rivers_room_b, kennysheep_diamond, st_stairs_12,
          nicolae_twisty_statue_hallways
D:7:      cheibrodos_quashed, layout_basic, trog_hazing_becter,
          minmay_temple_entry_mini_moons, uniq_joseph
D:8:      layout_loops_ring, grunt_qazlal_sundering,
          nicolae_overflow_hidden_temple, david_lair_generic, serial_shops,
          shop, ebering_ghost_rock_garden, uniq_maggie, uniq_erica

Skill      XL: |  1  2  3  4  5  6  7  8  9 |
---------------+----------------------------+-----
Fighting       | 3 4 5 7 8 |  8.3
Long Blades    | 4 5 6 7 8 |  8.5
Invocations    | 1 2 3 4 5 |  5.9
Throwing       | |  1.7
Dodging        | |  2.6

Action                     |  1- 3 |  4- 6 |  7- 9 || total
---------------------------+-------+-------+-------++-------
  Melee: Long sword        |    72 |    94 |    74 ||   240
         Mace              |    10 |       |       ||    10
         Falchion          |     1 |    86 |   195 ||   282
         Scimitar          |       |       |    56 ||    56
  Throw: Throwing net      |       |     2 |     2 ||     4
 Invoke: Recruit Apostle   |       |       |     1 ||     1
         Smiting           |       |       |     1 ||     1
    Use: Scroll            |       |       |     3 ||     3
         Potion            |       |       |     8 ||     8
   Stab: Distracted        |       |       |     1 ||     1
 Armour: Leather armour    |    68 |       |       ||    68
         Scale mail        |       |    55 |   129 ||   184
  Dodge: Dodged            |    78 |    61 |    98 ||   237

Table legend: (Time is in decaauts)
 A = Elapsed time spent in this place.
 B = Non-inter-level travel time spent in this place.
 C = Inter-level travel time spent in this place.
 D = Time resting spent in this place.
 E = Time spent auto-exploring this place.
 F = Levels seen in this place.
 G = Mean time per level.
                   A        B        C        D        E       F      G
               +--------+--------+--------+--------+--------+-----+--------+
         Total |   5578 |   5351 |    227 |      0 |   4405 |   8 |  697.2 |
       Dungeon |   5578 |   5351 |    227 |      0 |   4405 |   8 |  697.2 |
               +--------+--------+--------+--------+--------+-----+--------+

Top non-repeatable levels by time:
     D:7: 1057 daAuts
     D:3: 997 daAuts
     D:1: 670 daAuts
     D:5: 666 daAuts
     D:4: 661 daAuts
     D:6: 625 daAuts
     D:2: 625 daAuts
     D:8: 275 daAuts
